 Dungeon Crawl Stone Soup version 0.24.0-1-gfbc8707122 (webtiles) character file.

Game seed: 509714230465829458, levelgen mode: deterministic

105 Arum the Skirmisher (level 4, -4/36 HPs)
             Began as a Draconian Monk on Oct 27, 2019.
             Slain by Natasha (6 damage)
             ... on level 1 of the Dungeon.
             The game lasted 00:02:10 (1575 turns).

Arum the Skirmisher (Draconian Monk)                Turns: 1575, Time: 00:02:11

Health: -4/36      AC:  5    Str: 13    XL:     4   Next: 54%
Magic:  4/4        EV: 19    Int: 16    God:
Gold:   42         SH:  0    Dex: 21    Spells: 3/3 levels left

rFire    . . .     SeeInvis .     - Unarmed
rCold    . . .     Gourm    .   (no shield)
rNeg     . . .     Faith    .   (armour unavailable)
rPois    .         Spirit   .   (helmet restricted)
rElec    .         Reflect  .   (no cloak)
rCorr    .         Harm     .   (no gloves)
MR       .....     Clarity  +   (no boots)
Stlth    +++.......             (no amulet)
HPRegen  0.12/turn              (no ring)
MPRegen  0.09/turn              (no ring)

@: brilliant, agile
A: unfitting armour, beak, agile 1, clarity, frail 1, cold-blooded, AC +5
a: no special abilities


You were on level 1 of the Dungeon.
You were not hungry.

You visited 1 branch of the dungeon, and saw 2 of its levels.

You collected 42 gold pieces.

Inventory:

Scrolls
 c - 2 scrolls of teleportation {unknown}
 e - 2 scrolls of noise {unknown}
 f - a scroll of blinking {unknown}
Potions
 b - a potion of mutation
 d - a potion of brilliance
Comestibles
 a - a ration
 h - 3 chunks of flesh


   Skills:
 + Level 4.3 Fighting
 + Level 3.5 Dodging
 - Level 1.7 Stealth
 + Level 3.9 Unarmed Combat


You had 3 spell levels left.
You didn't know any spells.
Your spell library was empty.

Dungeon Overview and Level Annotations

Branches:
Dungeon (2/15)

Altars:

Annotations:
D:1 Natasha


Innate Abilities, Weirdness & Mutations

Your plain brown scales are hard. (AC +5)
You cannot fit into any form of body armour.
You are cold-blooded and may be slowed by cold attacks.
You have a beak for a mouth.
You are agile. (Dex +2)
You possess an exceptional clarity of mind.
You are frail. (-10% HP)


Message History

Okay, then.
It was a potion of agility.
You feel agile all of a sudden. The adder barely misses you.
Natasha casts a spell at you. You resist with some effort.
Unknown command.
Unknown command.
You hit the adder.
The adder is lightly wounded.
The adder bites you.
* * * LOW HITPOINT WARNING * * *
Natasha closely misses you.
Unknown command.
You hit the adder.
The adder is moderately wounded.
The adder bites you.
* * * LOW HITPOINT WARNING * * *
Natasha claws you.
You die...

#.P#...####....##
'..#######......#
#..#....#..#....##
#######...###....#
#..##...)........#
'..##.........#.##
#..##.........#..#
####..........##h##
#..#..........##@.#
'..#.....##...###S#
#..#####.##...###.#
#### #.##.).....#
#..# #.###..#####
'..# #.# #..#
#..### #.###..####
####.# #.........#
#.#.###.........#


You could see Natasha and an adder.

Vanquished Creatures
  A gnoll (D:1)
  3 adders (D:2)
  An ooze (D:2)
  3 dart slugs (D:1)
  A leopard gecko (D:1)
  3 ball pythons
  4 giant cockroaches (D:1)
  4 goblins
  8 hobgoblins
  4 jackals (D:1)
  8 kobolds
  9 bats
  3 frilled lizards
  3 rats
55 creatures vanquished.

Notes
Turn   | Place    | Note
-------+----------+-------------------------------------------
     0 | D:1      | Arum the Draconian Monk began the quest for the Orb.
     0 | D:1      | Reached XP level 1. HP: 19/19 MP: 1/1
   137 | D:1      | Reached XP level 2. HP: 24/26 MP: 2/2
   366 | D:1      | Reached XP level 3. HP: 16/33 MP: 3/3
   848 | D:1      | Reached skill level 4 in Fighting
  1123 | D:2      | Reached XP level 4. HP: 40/40 MP: 4/4
  1537 | D:2      | Noticed Natasha
  1572 | D:1      | Gained mutation: You have a beak for a mouth. [potion of
                  | mutation]
  1572 | D:1      | Gained mutation: You are frail. (-10% HP) [potion of
                  | mutation]
  1572 | D:1      | Gained mutation: You are agile. (Dex +2) [potion of
                  | mutation]
  1572 | D:1      | Gained mutation: You possess an exceptional clarity of
                  | mind. [potion of mutation]
  1575 | D:1      | Slain by Natasha

Levels and vault maps discovered:
D:1:      dpeg_arrival_prison, layout_rooms
D:2:      layout_rooms, minmay_domino_4, uniq_natasha

Skill      XL: |  1  2  3 |
---------------+----------+-----
Dodging        | 3 |  3.5
Fighting       | 4 |  4.3
Stealth        | |  1.7
Unarmed Combat | |  3.9

Action                   |  1- 3 |  4- 6 || total
-------------------------+-------+-------++-------
Melee: Unarmed           |   153 |    39 ||   192
       Tailslap          |    17 |     6 ||    23
       Punch             |     1 |       ||     1
  Use: Potion            |       |     3 ||     3
 Stab: Sleeping          |     6 |     3 ||     9
  Eat: Chunk             |     1 |     1 ||     2
Armor: Skin              |    38 |    16 ||    54
Dodge: Dodged            |   136 |    35 ||   171
